Workbook

Sheet Retours
A1: N° bon de retour | B1: Date de demande | C1: Date de réception | D1: Client | E1: Ville | F1: SIRET client | G1: N° facture | H1: Référence produit | I1: Désignation produit | J1: Catégorie | K1: Quantité retournée | L1: Prix unitaire HT | M1: Taux de TVA | N1: Montant HT | O1: Montant TVA | P1: Montant TTC | Q1: Motif du retour | R1: État à réception | S1: Décision | T1: Avoir émis ? | U1: Statut | V1: Commentaire | W1: Délai de réception | X1: Contrôle du bon
A2: BR-2026-001 | B2: 46034 | C2: 46042 | D2: Camille Martin | E2: Paris | F2: 55210055400013 | G2: FA-2026-001 | H2: AUD-100 | I2: =IF(H2="","",IFERROR(VLOOKUP(H2,'Referentiel'!$A$2:$F$101,2,FALSE),"Référence inconnue")) | J2: =IF(H2="","",IFERROR(VLOOKUP(H2,'Referentiel'!$A$2:$F$101,3,FALSE),"")) | K2: 1 | L2: =IF(H2="","",IFERROR(VLOOKUP(H2,'Referentiel'!$A$2:$F$101,4,FALSE),"")) | M2: =IF(H2="","",IFERROR(VLOOKUP(H2,'Referentiel'!$A$2:$F$101,5,FALSE),"")) | N2: =IF(OR(K2="",L2=""),"",K2*L2) | O2: =IF(OR(N2="",M2=""),"",N2*M2) | P2: =IF(OR(N2="",O2=""),"",N2+O2) | Q2: Produit défectueux | R2: Ouvert | S2: Avoir total | T2: Oui | U2: Clôturé | V2: Grésillement constaté sur l'écouteur gauche. | W2: =IF(B2="","",IF(C2="","À réceptionner",IF(C2<=B2+14,"Dans le délai","Hors délai"))) | X2: =IF(A2="","",IF(AND(K2>0,H2<>"",D2<>""),"Complet","À vérifier"))
A3: BR-2026-002 | B3: 46056 | C3: 46062 | D3: Julien Bernard | E3: Lyon | F3: 33456789012345 | G3: FA-2026-014 | H3: IMP-200 | I3: =IF(H3="","",IFERROR(VLOOKUP(H3,'Referentiel'!$A$2:$F$101,2,FALSE),"Référence inconnue")) | J3: =IF(H3="","",IFERROR(VLOOKUP(H3,'Referentiel'!$A$2:$F$101,3,FALSE),"")) | K3: 1 | L3: =IF(H3="","",IFERROR(VLOOKUP(H3,'Referentiel'!$A$2:$F$101,4,FALSE),"")) | M3: =IF(H3="","",IFERROR(VLOOKUP(H3,'Referentiel'!$A$2:$F$101,5,FALSE),"")) | N3: =IF(OR(K3="",L3=""),"",K3*L3) | O3: =IF(OR(N3="",M3=""),"",N3*M3) | P3: =IF(OR(N3="",O3=""),"",N3+O3) | Q3: Erreur de préparation | R3: Neuf | S3: Échange | T3: Non | U3: Contrôlé | V3: Modèle reçu différent de la commande initiale. | W3: =IF(B3="","",IF(C3="","À réceptionner",IF(C3<=B3+14,"Dans le délai","Hors délai"))) | X3: =IF(A3="","",IF(AND(K3>0,H3<>"",D3<>""),"Complet","À vérifier"))
A4: BR-2026-003 | B4: 46099 | C4: 46117 | D4: Chloé Dubois | E4: Nantes | F4: 42187654321098 | G4: FA-2026-027 | H4: CHA-300 | I4: =IF(H4="","",IFERROR(VLOOKUP(H4,'Referentiel'!$A$2:$F$101,2,FALSE),"Référence inconnue")) | J4: =IF(H4="","",IFERROR(VLOOKUP(H4,'Referentiel'!$A$2:$F$101,3,FALSE),"")) | K4: 2 | L4: =IF(H4="","",IFERROR(VLOOKUP(H4,'Referentiel'!$A$2:$F$101,4,FALSE),"")) | M4: =IF(H4="","",IFERROR(VLOOKUP(H4,'Referentiel'!$A$2:$F$101,5,FALSE),"")) | N4: =IF(OR(K4="",L4=""),"",K4*L4) | O4: =IF(OR(N4="",M4=""),"",N4*M4) | P4: =IF(OR(N4="",O4=""),"",N4+O4) | Q4: Colis endommagé | R4: Endommagé | S4: Avoir partiel | T4: Oui | U4: Litige | V4: Deux chaises présentent des rayures importantes. | W4: =IF(B4="","",IF(C4="","À réceptionner",IF(C4<=B4+14,"Dans le délai","Hors délai"))) | X4: =IF(A4="","",IF(AND(K4>0,H4<>"",D4<>""),"Complet","À vérifier"))
A5: BR-2026-004 | B5: 46141 | C5: 46146 | D5: Thomas Leroy | E5: Lille | F5: 38945678901234 | G5: FA-2026-039 | H5: ECR-400 | I5: =IF(H5="","",IFERROR(VLOOKUP(H5,'Referentiel'!$A$2:$F$101,2,FALSE),"Référence inconnue")) | J5: =IF(H5="","",IFERROR(VLOOKUP(H5,'Referentiel'!$A$2:$F$101,3,FALSE),"")) | K5: 1 | L5: =IF(H5="","",IFERROR(VLOOKUP(H5,'Referentiel'!$A$2:$F$101,4,FALSE),"")) | M5: =IF(H5="","",IFERROR(VLOOKUP(H5,'Referentiel'!$A$2:$F$101,5,FALSE),"")) | N5: =IF(OR(K5="",L5=""),"",K5*L5) | O5: =IF(OR(N5="",M5=""),"",N5*M5) | P5: =IF(OR(N5="",O5=""),"",N5+O5) | Q5: Non-conformité | R5: Ouvert | S5: Avoir total | T5: Oui | U5: Clôturé | V5: Résolution de l'écran non conforme à la fiche produit. | W5: =IF(B5="","",IF(C5="","À réceptionner",IF(C5<=B5+14,"Dans le délai","Hors délai"))) | X5: =IF(A5="","",IF(AND(K5>0,H5<>"",D5<>""),"Complet","À vérifier"))
A6: BR-2026-005 | B6: 46159 | C6: 46160 | D6: Léa Moreau | E6: Bordeaux | F6: 50123456789012 | G6: FA-2026-051 | H6: CLA-500 | I6: =IF(H6="","",IFERROR(VLOOKUP(H6,'Referentiel'!$A$2:$F$101,2,FALSE),"Référence inconnue")) | J6: =IF(H6="","",IFERROR(VLOOKUP(H6,'Referentiel'!$A$2:$F$101,3,FALSE),"")) | K6: 3 | L6: =IF(H6="","",IFERROR(VLOOKUP(H6,'Referentiel'!$A$2:$F$101,4,FALSE),"")) | M6: =IF(H6="","",IFERROR(VLOOKUP(H6,'Referentiel'!$A$2:$F$101,5,FALSE),"")) | N6: =IF(OR(K6="",L6=""),"",K6*L6) | O6: =IF(OR(N6="",M6=""),"",N6*M6) | P6: =IF(OR(N6="",O6=""),"",N6+O6) | Q6: Rétractation | R6: Neuf | S6: Avoir total | T6: Oui | U6: Clôturé | V6: Retour dans l'emballage d'origine. | W6: =IF(B6="","",IF(C6="","À réceptionner",IF(C6<=B6+14,"Dans le délai","Hors délai"))) | X6: =IF(A6="","",IF(AND(K6>0,H6<>"",D6<>""),"Complet","À vérifier"))
A7: BR-2026-006 | B7: 46197 | C7: 46213 | D7: Nicolas Petit | E7: Marseille | F7: 44321098765432 | G7: FA-2026-066 | H7: SOU-600 | I7: =IF(H7="","",IFERROR(VLOOKUP(H7,'Referentiel'!$A$2:$F$101,2,FALSE),"Référence inconnue")) | J7: =IF(H7="","",IFERROR(VLOOKUP(H7,'Referentiel'!$A$2:$F$101,3,FALSE),"")) | K7: 2 | L7: =IF(H7="","",IFERROR(VLOOKUP(H7,'Referentiel'!$A$2:$F$101,4,FALSE),"")) | M7: =IF(H7="","",IFERROR(VLOOKUP(H7,'Referentiel'!$A$2:$F$101,5,FALSE),"")) | N7: =IF(OR(K7="",L7=""),"",K7*L7) | O7: =IF(OR(N7="",M7=""),"",N7*M7) | P7: =IF(OR(N7="",O7=""),"",N7+O7) | Q7: Produit défectueux | R7: Endommagé | S7: Refus | T7: Non | U7: Litige | V7: Traces d'utilisation excessives, contrôle complémentaire requis. | W7: =IF(B7="","",IF(C7="","À réceptionner",IF(C7<=B7+14,"Dans le délai","Hors délai"))) | X7: =IF(A7="","",IF(AND(K7>0,H7<>"",D7<>""),"Complet","À vérifier"))
A8: BR-2026-007 | B8: 46211 | D8: Manon Garcia | E8: Toulouse | F8: 61234567890123 | G8: FA-2026-074 | H8: WEB-700 | I8: =IF(H8="","",IFERROR(VLOOKUP(H8,'Referentiel'!$A$2:$F$101,2,FALSE),"Référence inconnue")) | J8: =IF(H8="","",IFERROR(VLOOKUP(H8,'Referentiel'!$A$2:$F$101,3,FALSE),"")) | K8: 1 | L8: =IF(H8="","",IFERROR(VLOOKUP(H8,'Referentiel'!$A$2:$F$101,4,FALSE),"")) | M8: =IF(H8="","",IFERROR(VLOOKUP(H8,'Referentiel'!$A$2:$F$101,5,FALSE),"")) | N8: =IF(OR(K8="",L8=""),"",K8*L8) | O8: =IF(OR(N8="",M8=""),"",N8*M8) | P8: =IF(OR(N8="",O8=""),"",N8+O8) | Q8: Erreur de préparation | S8: Échange | T8: Non | U8: En attente | V8: Colis annoncé par le transporteur, non encore réceptionné. | W8: =IF(B8="","",IF(C8="","À réceptionner",IF(C8<=B8+14,"Dans le délai","Hors délai"))) | X8: =IF(A8="","",IF(AND(K8>0,H8<>"",D8<>""),"Complet","À vérifier"))
A9: BR-2026-008 | B9: 46254 | C9: 46261 | D9: Hugo Faure | E9: Strasbourg | F9: 49876543210987 | G9: FA-2026-088 | H9: SSD-800 | I9: =IF(H9="","",IFERROR(VLOOKUP(H9,'Referentiel'!$A$2:$F$101,2,FALSE),"Référence inconnue")) | J9: =IF(H9="","",IFERROR(VLOOKUP(H9,'Referentiel'!$A$2:$F$101,3,FALSE),"")) | K9: 4 | L9: =IF(H9="","",IFERROR(VLOOKUP(H9,'Referentiel'!$A$2:$F$101,4,FALSE),"")) | M9: =IF(H9="","",IFERROR(VLOOKUP(H9,'Referentiel'!$A$2:$F$101,5,FALSE),"")) | N9: =IF(OR(K9="",L9=""),"",K9*L9) | O9: =IF(OR(N9="",M9=""),"",N9*M9) | P9: =IF(OR(N9="",O9=""),"",N9+O9) | Q9: Non-conformité | R9: Neuf | S9: Avoir partiel | T9: Oui | U9: Contrôlé | V9: Capacité de stockage différente de celle commandée. | W9: =IF(B9="","",IF(C9="","À réceptionner",IF(C9<=B9+14,"Dans le délai","Hors délai"))) | X9: =IF(A9="","",IF(AND(K9>0,H9<>"",D9<>""),"Complet","À vérifier"))
A10: BR-2026-009 | B10: 46275 | C10: 46287 | D10: Émilie Roche | E10: Nice | F10: 52345678901234 | G10: FA-2026-096 | H10: STA-1000 | I10: =IF(H10="","",IFERROR(VLOOKUP(H10,'Referentiel'!$A$2:$F$101,2,FALSE),"Référence inconnue")) | J10: =IF(H10="","",IFERROR(VLOOKUP(H10,'Referentiel'!$A$2:$F$101,3,FALSE),"")) | K10: 1 | L10: =IF(H10="","",IFERROR(VLOOKUP(H10,'Referentiel'!$A$2:$F$101,4,FALSE),"")) | M10: =IF(H10="","",IFERROR(VLOOKUP(H10,'Referentiel'!$A$2:$F$101,5,FALSE),"")) | N10: =IF(OR(K10="",L10=""),"",K10*L10) | O10: =IF(OR(N10="",M10=""),"",N10*M10) | P10: =IF(OR(N10="",O10=""),"",N10+O10) | Q10: Colis endommagé | R10: Incomplet | S10: Avoir total | T10: Oui | U10: Clôturé | V10: Câble d'alimentation absent du colis retourné. | W10: =IF(B10="","",IF(C10="","À réceptionner",IF(C10<=B10+14,"Dans le délai","Hors délai"))) | X10: =IF(A10="","",IF(AND(K10>0,H10<>"",D10<>""),"Complet","À vérifier"))
I11: =IF(H11="","",IFERROR(VLOOKUP(H11,'Referentiel'!$A$2:$F$101,2,FALSE),"Référence inconnue")) | J11: =IF(H11="","",IFERROR(VLOOKUP(H11,'Referentiel'!$A$2:$F$101,3,FALSE),"")) | L11: =IF(H11="","",IFERROR(VLOOKUP(H11,'Referentiel'!$A$2:$F$101,4,FALSE),"")) | M11: =IF(H11="","",IFERROR(VLOOKUP(H11,'Referentiel'!$A$2:$F$101,5,FALSE),"")) | N11: =IF(OR(K11="",L11=""),"",K11*L11) | O11: =IF(OR(N11="",M11=""),"",N11*M11) | P11: =IF(OR(N11="",O11=""),"",N11+O11) | W11: =IF(B11="","",IF(C11="","À réceptionner",IF(C11<=B11+14,"Dans le délai","Hors délai"))) | X11: =IF(A11="","",IF(AND(K11>0,H11<>"",D11<>""),"Complet","À vérifier"))
I12: =IF(H12="","",IFERROR(VLOOKUP(H12,'Referentiel'!$A$2:$F$101,2,FALSE),"Référence inconnue")) | J12: =IF(H12="","",IFERROR(VLOOKUP(H12,'Referentiel'!$A$2:$F$101,3,FALSE),"")) | L12: =IF(H12="","",IFERROR(VLOOKUP(H12,'Referentiel'!$A$2:$F$101,4,FALSE),"")) | M12: =IF(H12="","",IFERROR(VLOOKUP(H12,'Referentiel'!$A$2:$F$101,5,FALSE),"")) | N12: =IF(OR(K12="",L12=""),"",K12*L12) | O12: =IF(OR(N12="",M12=""),"",N12*M12) | P12: =IF(OR(N12="",O12=""),"",N12+O12) | W12: =IF(B12="","",IF(C12="","À réceptionner",IF(C12<=B12+14,"Dans le délai","Hors délai"))) | X12: =IF(A12="","",IF(AND(K12>0,H12<>"",D12<>""),"Complet","À vérifier"))
I13: =IF(H13="","",IFERROR(VLOOKUP(H13,'Referentiel'!$A$2:$F$101,2,FALSE),"Référence inconnue")) | J13: =IF(H13="","",IFERROR(VLOOKUP(H13,'Referentiel'!$A$2:$F$101,3,FALSE),"")) | L13: =IF(H13="","",IFERROR(VLOOKUP(H13,'Referentiel'!$A$2:$F$101,4,FALSE),"")) | M13: =IF(H13="","",IFERROR(VLOOKUP(H13,'Referentiel'!$A$2:$F$101,5,FALSE),"")) | N13: =IF(OR(K13="",L13=""),"",K13*L13) | O13: =IF(OR(N13="",M13=""),"",N13*M13) | P13: =IF(OR(N13="",O13=""),"",N13+O13) | W13: =IF(B13="","",IF(C13="","À réceptionner",IF(C13<=B13+14,"Dans le délai","Hors délai"))) | X13: =IF(A13="","",IF(AND(K13>0,H13<>"",D13<>""),"Complet","À vérifier"))
I14: =IF(H14="","",IFERROR(VLOOKUP(H14,'Referentiel'!$A$2:$F$101,2,FALSE),"Référence inconnue")) | J14: =IF(H14="","",IFERROR(VLOOKUP(H14,'Referentiel'!$A$2:$F$101,3,FALSE),"")) | L14: =IF(H14="","",IFERROR(VLOOKUP(H14,'Referentiel'!$A$2:$F$101,4,FALSE),"")) | M14: =IF(H14="","",IFERROR(VLOOKUP(H14,'Referentiel'!$A$2:$F$101,5,FALSE),"")) | N14: =IF(OR(K14="",L14=""),"",K14*L14) | O14: =IF(OR(N14="",M14=""),"",N14*M14) | P14: =IF(OR(N14="",O14=""),"",N14+O14) | W14: =IF(B14="","",IF(C14="","À réceptionner",IF(C14<=B14+14,"Dans le délai","Hors délai"))) | X14: =IF(A14="","",IF(AND(K14>0,H14<>"",D14<>""),"Complet","À vérifier"))
I15: =IF(H15="","",IFERROR(VLOOKUP(H15,'Referentiel'!$A$2:$F$101,2,FALSE),"Référence inconnue")) | J15: =IF(H15="","",IFERROR(VLOOKUP(H15,'Referentiel'!$A$2:$F$101,3,FALSE),"")) | L15: =IF(H15="","",IFERROR(VLOOKUP(H15,'Referentiel'!$A$2:$F$101,4,FALSE),"")) | M15: =IF(H15="","",IFERROR(VLOOKUP(H15,'Referentiel'!$A$2:$F$101,5,FALSE),"")) | N15: =IF(OR(K15="",L15=""),"",K15*L15) | O15: =IF(OR(N15="",M15=""),"",N15*M15) | P15: =IF(OR(N15="",O15=""),"",N15+O15) | W15: =IF(B15="","",IF(C15="","À réceptionner",IF(C15<=B15+14,"Dans le délai","Hors délai"))) | X15: =IF(A15="","",IF(AND(K15>0,H15<>"",D15<>""),"Complet","À vérifier"))
I16: =IF(H16="","",IFERROR(VLOOKUP(H16,'Referentiel'!$A$2:$F$101,2,FALSE),"Référence inconnue")) | J16: =IF(H16="","",IFERROR(VLOOKUP(H16,'Referentiel'!$A$2:$F$101,3,FALSE),"")) | L16: =IF(H16="","",IFERROR(VLOOKUP(H16,'Referentiel'!$A$2:$F$101,4,FALSE),"")) | M16: =IF(H16="","",IFERROR(VLOOKUP(H16,'Referentiel'!$A$2:$F$101,5,FALSE),"")) | N16: =IF(OR(K16="",L16=""),"",K16*L16) | O16: =IF(OR(N16="",M16=""),"",N16*M16) | P16: =IF(OR(N16="",O16=""),"",N16+O16) | W16: =IF(B16="","",IF(C16="","À réceptionner",IF(C16<=B16+14,"Dans le délai","Hors délai"))) | X16: =IF(A16="","",IF(AND(K16>0,H16<>"",D16<>""),"Complet","À vérifier"))
I17: =IF(H17="","",IFERROR(VLOOKUP(H17,'Referentiel'!$A$2:$F$101,2,FALSE),"Référence inconnue")) | J17: =IF(H17="","",IFERROR(VLOOKUP(H17,'Referentiel'!$A$2:$F$101,3,FALSE),"")) | L17: =IF(H17="","",IFERROR(VLOOKUP(H17,'Referentiel'!$A$2:$F$101,4,FALSE),"")) | M17: =IF(H17="","",IFERROR(VLOOKUP(H17,'Referentiel'!$A$2:$F$101,5,FALSE),"")) | N17: =IF(OR(K17="",L17=""),"",K17*L17) | O17: =IF(OR(N17="",M17=""),"",N17*M17) | P17: =IF(OR(N17="",O17=""),"",N17+O17) | W17: =IF(B17="","",IF(C17="","À réceptionner",IF(C17<=B17+14,"Dans le délai","Hors délai"))) | X17: =IF(A17="","",IF(AND(K17>0,H17<>"",D17<>""),"Complet","À vérifier"))
I18: =IF(H18="","",IFERROR(VLOOKUP(H18,'Referentiel'!$A$2:$F$101,2,FALSE),"Référence inconnue")) | J18: =IF(H18="","",IFERROR(VLOOKUP(H18,'Referentiel'!$A$2:$F$101,3,FALSE),"")) | L18: =IF(H18="","",IFERROR(VLOOKUP(H18,'Referentiel'!$A$2:$F$101,4,FALSE),"")) | M18: =IF(H18="","",IFERROR(VLOOKUP(H18,'Referentiel'!$A$2:$F$101,5,FALSE),"")) | N18: =IF(OR(K18="",L18=""),"",K18*L18) | O18: =IF(OR(N18="",M18=""),"",N18*M18) | P18: =IF(OR(N18="",O18=""),"",N18+O18) | W18: =IF(B18="","",IF(C18="","À réceptionner",IF(C18<=B18+14,"Dans le délai","Hors délai"))) | X18: =IF(A18="","",IF(AND(K18>0,H18<>"",D18<>""),"Complet","À vérifier"))
I19: =IF(H19="","",IFERROR(VLOOKUP(H19,'Referentiel'!$A$2:$F$101,2,FALSE),"Référence inconnue")) | J19: =IF(H19="","",IFERROR(VLOOKUP(H19,'Referentiel'!$A$2:$F$101,3,FALSE),"")) | L19: =IF(H19="","",IFERROR(VLOOKUP(H19,'Referentiel'!$A$2:$F$101,4,FALSE),"")) | M19: =IF(H19="","",IFERROR(VLOOKUP(H19,'Referentiel'!$A$2:$F$101,5,FALSE),"")) | N19: =IF(OR(K19="",L19=""),"",K19*L19) | O19: =IF(OR(N19="",M19=""),"",N19*M19) | P19: =IF(OR(N19="",O19=""),"",N19+O19) | W19: =IF(B19="","",IF(C19="","À réceptionner",IF(C19<=B19+14,"Dans le délai","Hors délai"))) | X19: =IF(A19="","",IF(AND(K19>0,H19<>"",D19<>""),"Complet","À vérifier"))
I20: =IF(H20="","",IFERROR(VLOOKUP(H20,'Referentiel'!$A$2:$F$101,2,FALSE),"Référence inconnue")) | J20: =IF(H20="","",IFERROR(VLOOKUP(H20,'Referentiel'!$A$2:$F$101,3,FALSE),"")) | L20: =IF(H20="","",IFERROR(VLOOKUP(H20,'Referentiel'!$A$2:$F$101,4,FALSE),"")) | M20: =IF(H20="","",IFERROR(VLOOKUP(H20,'Referentiel'!$A$2:$F$101,5,FALSE),"")) | N20: =IF(OR(K20="",L20=""),"",K20*L20) | O20: =IF(OR(N20="",M20=""),"",N20*M20) | P20: =IF(OR(N20="",O20=""),"",N20+O20) | W20: =IF(B20="","",IF(C20="","À réceptionner",IF(C20<=B20+14,"Dans le délai","Hors délai"))) | X20: =IF(A20="","",IF(AND(K20>0,H20<>"",D20<>""),"Complet","À vérifier"))
I21: =IF(H21="","",IFERROR(VLOOKUP(H21,'Referentiel'!$A$2:$F$101,2,FALSE),"Référence inconnue")) | J21: =IF(H21="","",IFERROR(VLOOKUP(H21,'Referentiel'!$A$2:$F$101,3,FALSE),"")) | L21: =IF(H21="","",IFERROR(VLOOKUP(H21,'Referentiel'!$A$2:$F$101,4,FALSE),"")) | M21: =IF(H21="","",IFERROR(VLOOKUP(H21,'Referentiel'!$A$2:$F$101,5,FALSE),"")) | N21: =IF(OR(K21="",L21=""),"",K21*L21) | O21: =IF(OR(N21="",M21=""),"",N21*M21) | P21: =IF(OR(N21="",O21=""),"",N21+O21) | W21: =IF(B21="","",IF(C21="","À réceptionner",IF(C21<=B21+14,"Dans le délai","Hors délai"))) | X21: =IF(A21="","",IF(AND(K21>0,H21<>"",D21<>""),"Complet","À vérifier"))
I22: =IF(H22="","",IFERROR(VLOOKUP(H22,'Referentiel'!$A$2:$F$101,2,FALSE),"Référence inconnue")) | J22: =IF(H22="","",IFERROR(VLOOKUP(H22,'Referentiel'!$A$2:$F$101,3,FALSE),"")) | L22: =IF(H22="","",IFERROR(VLOOKUP(H22,'Referentiel'!$A$2:$F$101,4,FALSE),"")) | M22: =IF(H22="","",IFERROR(VLOOKUP(H22,'Referentiel'!$A$2:$F$101,5,FALSE),"")) | N22: =IF(OR(K22="",L22=""),"",K22*L22) | O22: =IF(OR(N22="",M22=""),"",N22*M22) | P22: =IF(OR(N22="",O22=""),"",N22+O22) | W22: =IF(B22="","",IF(C22="","À réceptionner",IF(C22<=B22+14,"Dans le délai","Hors délai"))) | X22: =IF(A22="","",IF(AND(K22>0,H22<>"",D22<>""),"Complet","À vérifier"))
... I101: =IF(H101="","",IFERROR(VLOOKUP(H101,'Referentiel'!$A$2:$F$101,2,FALSE),"Référence inconnue")) | J101: =IF(H101="","",IFERROR(VLOOKUP(H101,'Referentiel'!$A$2:$F$101,3,FALSE),"")) | L101: =IF(H101="","",IFERROR(VLOOKUP(H101,'Referentiel'!$A$2:$F$101,4,FALSE),"")) | M101: =IF(H101="","",IFERROR(VLOOKUP(H101,'Referentiel'!$A$2:$F$101,5,FALSE),"")) | N101: =IF(OR(K101="",L101=""),"",K101*L101) | O101: =IF(OR(N101="",M101=""),"",N101*M101) | P101: =IF(OR(N101="",O101=""),"",N101+O101) | W101: =IF(B101="","",IF(C101="","À réceptionner",IF(C101<=B101+14,"Dans le délai","Hors délai"))) | X101: =IF(A101="","",IF(AND(K101>0,H101<>"",D101<>""),"Complet","À vérifier"))
A102: TOTAL | K102: =SUM(K2:K101) | N102: =SUM(N2:N101) | O102: =SUM(O2:O101) | P102: =SUM(P2:P101)

Sheet Referentiel
A1: Référence produit | B1: Désignation | C1: Catégorie | D1: Prix unitaire HT | E1: Taux de TVA | F1: Fournisseur
A2: AUD-100 | B2: Casque audio sans fil | C2: Audio | D2: 89.9 | E2: 0.2 | F2: Tech Distribution
A3: IMP-200 | B3: Imprimante laser | C3: Impression | D3: 249 | E3: 0.2 | F3: Bureau Solutions
A4: CHA-300 | B4: Chaise de bureau ergonomique | C4: Mobilier | D4: 159 | E4: 0.2 | F4: Mobilier Pro
A5: ECR-400 | B5: Écran 24 pouces | C5: Informatique | D5: 179.9 | E5: 0.2 | F5: Vision Numérique
A6: CLA-500 | B6: Clavier sans fil | C6: Informatique | D6: 49.9 | E6: 0.2 | F6: Tech Distribution
A7: SOU-600 | B7: Souris ergonomique | C7: Informatique | D7: 39.9 | E7: 0.2 | F7: Bureau Solutions
A8: WEB-700 | B8: Webcam HD | C8: Visioconférence | D8: 69.9 | E8: 0.2 | F8: Vision Numérique
A9: SSD-800 | B9: Disque SSD 1 To | C9: Stockage | D9: 109.9 | E9: 0.2 | F9: Tech Distribution
A10: SAC-900 | B10: Sacoche ordinateur | C10: Accessoires | D10: 54.9 | E10: 0.2 | F10: Mobilier Pro
A11: STA-1000 | B11: Station d'accueil USB-C | C11: Connectique | D11: 129.9 | E11: 0.2 | F11: Vision Numérique

Sheet Synthèse
A1: Tableau de bord des retours marchandises
A2: Indicateur | B2: Valeur
A3: Nombre total de bons | B3: =COUNTA('Retours'!$A$2:$A$101)
A4: Quantité totale retournée | B4: =SUM('Retours'!$K$2:$K$101)
A5: Montant total HT | B5: =SUM('Retours'!$N$2:$N$101)
A6: Montant total TTC | B6: =SUM('Retours'!$P$2:$P$101)
A7: Montant moyen par retour | B7: =IFERROR(AVERAGE('Retours'!$P$2:$P$101),0)
A8: Nombre de retours clôturés | B8: =COUNTIF('Retours'!$U$2:$U$101,"Clôturé")
A9: Nombre de retours en litige | B9: =COUNTIF('Retours'!$U$2:$U$101,"Litige")
A10: Taux d'avoirs émis | B10: =IFERROR(COUNTIF('Retours'!$T$2:$T$101,"Oui")/COUNTA('Retours'!$A$2:$A$101),0)
A11: Taux de retours défectueux | B11: =IFERROR(COUNTIF('Retours'!$Q$2:$Q$101,"Produit défectueux")/COUNTA('Retours'!$A$2:$A$101),0)
A12: Les indicateurs et graphiques couvrent les 100 lignes préparées de la feuille Retours.
A14: Analyse par motif | D14: Analyse par statut
A15: Motif | B15: Nombre de retours | D15: Statut | E15: Nombre de retours
A16: Produit défectueux | B16: =COUNTIF('Retours'!$Q$2:$Q$101,A16) | D16: En attente | E16: =COUNTIF('Retours'!$U$2:$U$101,D16)
A17: Erreur de préparation | B17: =COUNTIF('Retours'!$Q$2:$Q$101,A17) | D17: Contrôlé | E17: =COUNTIF('Retours'!$U$2:$U$101,D17)
A18: Non-conformité | B18: =COUNTIF('Retours'!$Q$2:$Q$101,A18) | D18: Clôturé | E18: =COUNTIF('Retours'!$U$2:$U$101,D18)
A19: Rétractation | B19: =COUNTIF('Retours'!$Q$2:$Q$101,A19) | D19: Litige | E19: =COUNTIF('Retours'!$U$2:$U$101,D19)
A20: Colis endommagé | B20: =COUNTIF('Retours'!$Q$2:$Q$101,A20)

Sheet Instructions
A1: Mode d'emploi - Bon retour marchandise
A3: Point de contrôle | B3: Consigne
A4: Saisie | B4: Renseignez uniquement les cellules jaunes de la feuille Retours.
A5: Formules | B5: Ne modifiez pas les colonnes contenant des formules : désignation, catégorie, prix, TVA, montants et contrôles.
A6: SIRET | B6: Vérifiez que le SIRET client comporte bien 14 chiffres.
A7: Dates | B7: Utilisez les dates au format JJ/MM/AAAA pour la demande et la réception.
A8: Réception | B8: Contrôlez l'état de la marchandise avant toute émission d'un avoir.
A9: Décision | B9: Respectez les règles commerciales de rétractation et de garantie avant de choisir la décision.
A10: Délai | B10: Le contrôle de délai indique si la réception intervient dans les 14 jours suivant la demande.
A11: Référentiel | B11: Ajoutez ou mettez à jour les produits dans la feuille Referentiel avant de saisir une nouvelle référence.
A12: RGPD | B12: Les données clients doivent être traitées conformément au RGPD et aux règles internes de confidentialité.
A13: Pilotage | B13: Consultez la feuille Synthèse pour suivre les motifs, les statuts, les avoirs et les montants retournés.
